 Dungeon Crawl Stone Soup version 0.19.0-20-gbc5f0c6 (webtiles) character file.

18 KarmaPolice the Charmwright (level 2, 22/22 HPs)
             Began as a Vampire Skald on Nov 17, 2016.
             Quit the game on level 1 of the Dungeon.
             The game lasted 00:00:56 (613 turns).

KarmaPolice the Charmwright (Vampire Skald)          Turns: 613, Time: 00:00:57

Health: 22/22      AC:  3    Str: 11    XL:     2   Next: 48%
Magic:  5/5        EV: 11    Int: 14    God:
Gold:   43         SH:  0    Dex: 13    Spells: 3 memorised, 0 levels left

rFire  . . .     SeeInvis +     i - -2 spear (curse)
rCold  . . .     Gourm    .     b - +0 leather armour
rNeg   + . .     Faith    .     (no shield)
rPois  .         Spirit   .     (no helmet)
rElec  .         Reflect  .     (no cloak)
rCorr  .         Harm     .     (no gloves)
MR     .....                    (no boots)
Stlth  +.........               (no amulet)
                                (no ring)
                                (no ring)

@: no status effects
A: fangs 3, see invisible, unbreathing
a: no special abilities


You were on level 1 of the Dungeon.
You were not thirsty.

You visited 1 branch of the dungeon, and saw 1 of its levels.

You collected 43 gold pieces.

Inventory:

Hand Weapons
 a - a +0 falchion
 i - a cursed -2 spear (weapon)
Armour
 b - a +0 leather armour (worn)
Scrolls
 h - a scroll of immolation
Potions
 d - 4 potions of blood
 g - a potion of curing {unknown}
Books
 c - a book of Battle

   Spells                             Type                      Level
   a - Infusion                       Charms                       1
   b - Shroud of Golubria             Charms/Translocation         2
   c - Song of Slaying                Charms                       2
   d - Spectral Weapon                Hexes/Charms                 3
   e - Regeneration                   Charms/Necromancy            3


   Skills:
 + Level 2.0 Fighting
 + Level 2.3 Long Blades
 - Level 0.7 Armour
 - Level 1.1 Dodging
 + Level 2.1 Spellcasting
 + Level 3.6 Charms


You couldn't memorise any spells.
You knew the following spells:

 Your Spells              Type           Power        Failure   Level  Hunger
a - Infusion              Chrm           ##..         10%         1    #......
b - Shroud of Golubria    Chrm/Tloc      #.........   24%         2    ###....
c - Song of Slaying       Chrm           ##......     12%         2    ###....


Dungeon Overview and Level Annotations

Branches:
Dungeon (1/15)

Altars:


Innate Abilities, Weirdness & Mutations

You have razor-sharp teeth.
You have supernaturally acute eyesight. (SInv)
You can survive without breathing.


Message History

Memorise Shroud of Golubria, consuming 2 spell levels and leaving 2?
You start memorising the spell.
You continue memorising. x2
You finish memorising.
Spell assigned to 'b'.
Memorise Song of Slaying, consuming 2 spell levels and leaving 0?
You start memorising the spell.
You continue memorising. x2
You finish memorising.
Spell assigned to 'c'.
You see here a runed spear.
i - a runed spear Wield which item (- for none, * to show all)? (? for menu, Esc to quit)
It sticks to your hand!
i - a cursed -2 spear (weapon)
As you read the scroll labeled EMICYOWKOSH, it crumbles to dust.
You assume a fearsome visage.
Nothing appears to happen.
It was a scroll of fear.
As you read the scroll labeled ITOFEJ CACION, it crumbles to dust.
It is a scroll of identify.
h - a scroll of immolation Drop what? 7/52 slots (_ for help) (? for menu, Esc to quit)
Okay, then.
Are you sure you want to abandon this character and quit the game? (Confirm with "yes".)

#............
.............
.........##.####.
.........#...# #.
####......##...# #.
.........##...# #.
#.#......##...###.
#.#...............
#@......####.####.
#.................
#.......####.####.
#...................
#.#.###############.
#.#.# #. # #.# #.
#.# ## #.#


There were no monsters in sight!

Vanquished Creatures
  2 leopard geckos (D:1)
  2 ball pythons (D:1)
  A giant cockroach (D:1)
  2 goblins (D:1)
  3 hobgoblins (D:1)
  3 frilled lizards (D:1)
  A rat (D:1)
14 creatures vanquished.

Notes
Turn   | Place    | Note
-------+----------+-------------------------------------------
     0 | D:1      | KarmaPolice the Vampire Skald began the quest for the Orb.
     0 | D:1      | Reached XP level 1. HP: 16/16 MP: 3/3
   111 | D:1      | Reached XP level 2. HP: 22/22 MP: 5/5
   598 | D:1      | Learned a level 2 spell: Shroud of Golubria
   601 | D:1      | Learned a level 2 spell: Song of Slaying
   613 | D:1      | Quit the game

Skill      XL: |  1 |
---------------+----+-----
Fighting       | 2 |  2.0
Long Blades    | |  2.3
Armour         | |  0.7
Dodging        | |  1.1
Spellcasting   | |  2.1
Charms         | |  3.6

Action                   || total
-------------------------++-------
Melee: Falchion          ||    32
       Bite              ||     5
  Use: Scroll            ||     2
Armor: Leather armour    ||     3
Dodge: Dodged            ||    18
       Rpst.: Falchion   ||     9
